 Dungeon Crawl Stone Soup version 0.28-a0-1613-gdaab1c2f9b (webtiles) character file.

Game seed: 3541095173256977125

418 hashsling the Digger (level 6, -11/38 HPs)
             Began as a Gargoyle Earth Elementalist on Jan 21, 2022.
             Mangled by Duvessa (15 damage)
             ... on level 4 of the Dungeon.
             The game lasted 00:12:57 (3800 turns).

hashsling the Digger (Gargoyle Earth Elementalist)  Turns: 3800, Time: 00:12:57

Health: -11/38     AC: 10    Str: 12    XL:     6   Next: 93%
Magic:  0/9        EV: 10    Int: 17    God:
Gold:   173        SH:  0    Dex: 10    Spells: 3/9 levels left

rFire   . . .      SeeInvis .   m - +2 dagger (venom)
rCold   . . .      Faith    .   (no shield)
rNeg    + . .      Spirit   .   g - +0 ring mail
rPois   ∞          Reflect  .   (no helmet)
rElec   +          Harm     .   (no cloak)
rCorr   .          Rampage  .   (no gloves)
Will    .....                   (no boots)
Stlth   +.........              (no amulet)
HPRegen 0.12/turn               (no ring)
MPRegen 0.11/turn               (no ring)

@: no status effects
A: sickness immunity, AC +4, negative energy resistance 1, electricity
resistance, torment resistance 1, petrification resistance
a: no special abilities


You were on level 4 of the Dungeon.
You visited 1 branch of the dungeon, and saw 4 of its levels.

You collected 173 gold pieces.

Inventory:

Hand Weapons
 m - a +2 dagger of venom (weapon)
Missiles
 c - 61 stones
Armour
 b - a +0 robe
 g - a +0 ring mail (worn)
 i - a +0 chain mail
 k - a +0 scale mail
Scrolls
 a - a scroll of enchant armour {unknown}
 d - a scroll of noise {unknown}
 l - a scroll of identify
 o - a scroll of magic mapping {unknown}
Potions
 f - a potion of curing {unknown}
 h - a potion of brilliance {unknown}
 j - a potion of cancellation {unknown}
 n - a potion of flight {unknown}


   Skills:
 * Level 4.3 Fighting
 + Level 3.7 Armour
 - Level 1.5 Dodging
 - Level 2.1 Stealth
 - Level 2.0 Spellcasting
 - Level 0.7 Transmutations
 * Level 6.1 Earth Magic


You had 3 spell levels left.
You knew the following spells:

 Your Spells              Type           Power      Damage    Failure   Level
a - Sandblast             Erth           44%        2d11      3%          1
b - Stone Arrow           Conj/Erth      24%        3d8       34%         3
c - Passwall              Tmut/Erth      10%        N/A       16%         2

Your spell library contained the following spells:

 Spells                   Type           Power      Damage    Failure   Level
 Blink                    Tloc           2%         N/A       52%         2
 Gell's Gravitas          Tloc           1%         N/A       77%         3
 Lesser Beckoning         Tloc           1%         N/A       77%         3
 Teleport Other           Tloc           1%         N/A       77%         3
 Petrify                  Tmut/Erth      13%        N/A       69%         4
 Animate Armour           Summ/Erth      24%        N/A       75%         4
 Irradiate                Conj/Tmut      1%         3d14      100%        5
 Manifold Assault         Tloc           1%         N/A       100%        5
 Dispersal                Tloc           0%         N/A       100%        6
 Lehudib's Crystal Spear  Conj/Erth      6%         10d3      100%        8
 Sublimation of Blood     Necr           Unusable   N/A       N/A         2

Dungeon Overview and Level Annotations

Branches:
Dungeon (4/15)
 Temple: D:4-7

Altars:
Xom

Annotations:
D:4 Duvessa


Innate Abilities, Weirdness & Mutations

You are immune to sickness and miasma.
Your stone body is resilient. (AC +4)
You are immune to poison.
You resist negative energy. (rN+)
You are resistant to electric shocks. (rElec)
You are resistant to unholy torment.
You are immune to petrification.


Message History

Duvessa hits you with a +0 short sword.
Casting: Stone Arrow (quite dangerous; 34% risk of failure)
Confirm with . or Enter, or press ? or * to list all spells.
Aiming: Sandblast (safe; 3% risk of failure)
Press: ? - help, Shift-Dir - straight line, f/p - Duvessa
Aim: Duvessa, wielding a +0 short sword and wearing a +0 scale mail (moderately wounded, berserk, 86% to hit)
The blast of sand hits Duvessa but does no damage.
Duvessa is moderately wounded.
Duvessa closely misses you. Duvessa hits you with a +0 short sword.
Casting: Sandblast (safe; 3% risk of failure)
Confirm with . or Enter, or press ? or * to list all spells.
Aiming: Sandblast (safe; 3% risk of failure)
Press: ? - help, Shift-Dir - straight line, f/p - Duvessa
Aim: Duvessa, wielding a +0 short sword and wearing a +0 scale mail (moderately wounded, berserk, 86% to hit)
The blast of sand hits Duvessa!
Duvessa is heavily wounded.
Duvessa hits you but does no damage.
Casting: Sandblast (safe; 3% risk of failure)
Confirm with . or Enter, or press ? or * to list all spells.
Aiming: Sandblast (safe; 3% risk of failure)
Press: ? - help, Shift-Dir - straight line, f/p - Duvessa
Aim: Duvessa, wielding a +0 short sword and wearing a +0 scale mail (heavily wounded, berserk, 86% to hit)
The blast of sand hits Duvessa but does no damage.
Duvessa is heavily wounded.
Duvessa hits you with a +0 short sword! Duvessa hits you with a +0 short sword.
* * * LOW HITPOINT WARNING * * *
Casting: Sandblast (safe; 3% risk of failure)
Confirm with . or Enter, or press ? or * to list all spells.
The spell is quite dangerous to miscast (34% risk of failure)!
Continue anyway?
Aiming: Stone Arrow (quite dangerous; 34% risk of failure)
Press: ? - help, Shift-Dir - straight line, f/p - Duvessa
Aim: Duvessa, wielding a +0 short sword and wearing a +0 scale mail (heavily wounded, berserk, 77% to hit)
The stone arrow hits Duvessa!!
Duvessa is almost dead.
Duvessa hits you with a +0 short sword.
* * * LOW HITPOINT WARNING * * *
You closely miss Duvessa.
Duvessa is almost dead.
Duvessa barely misses you. Duvessa hits you with a +0 short sword!
You die...

##.####!# #. .# #...##.#
#.####.# #......## ..
#...##.######....... ..#
#......!...###.#....
..$###..........###.#....
.......................
#.#..........####.....
#...e@.......# #......
##...........# #.#..5.
##..[.......# #...>##
##.##.###.##....###
#.......##..##.##....
....###......#....... ..
#.##.........#.
#.........##.#.
...####...


You could see Duvessa (berserk).

Vanquished Creatures
  Grinder (D:4)
  Dowan (D:4)
  An iguana (D:2)
  2 orc wizards (D:3)
  3 adders
  A worm (D:3)
  2 orcs (D:3)
  7 ball pythons
  4 endoplasms
  2 giant cockroaches (D:1)
  9 hobgoblins
  A quokka (D:1)
  4 bats
  A frilled lizard (D:1)
  15 goblins
  7 kobolds
  6 rats
67 creatures vanquished.

Notes
Turn   | Place    | Note
-------+----------+-------------------------------------------
     0 | D:1      | hashsling the Gargoyle Earth Elementalist began the quest
                  | for the Orb.
     0 | D:1      | Reached XP level 1. HP: 10/10 MP: 3/3
   271 | D:1      | Reached skill level 1 in Fighting
   271 | D:1      | Reached XP level 2. HP: 14/16 MP: 3/5
   279 | D:1      | Reached skill level 4 in Earth Magic
   738 | D:1      | Reached XP level 3. HP: 21/21 MP: 4/6
   870 | D:1      | Learned a level 3 spell: Stone Arrow
   873 | D:1      | Learned a level 2 spell: Passwall
  1135 | D:1      | Found a faded altar of an unknown god.
  1703 | D:2      | Reached skill level 1 in Armour
  1853 | D:2      | Reached XP level 4. HP: 27/27 MP: 5/7
  2379 | D:3      | Reached skill level 5 in Earth Magic
  2379 | D:3      | Reached XP level 5. HP: 32/32 MP: 1/8
  2830 | D:3      | Found a shimmering altar of Xom.
  2843 | D:3      | Found a shimmering altar of Xom.
  3291 | D:4      | Noticed Grinder
  3302 | D:4      | Paralysed by Grinder for 6 turns
  3602 | D:4      | Noticed Dowan
  3612 | D:4      | Killed Dowan
  3613 | D:4      | Reached XP level 6. HP: 33/37 MP: 5/9
  3635 | D:4      | Killed Grinder
  3636 | D:4      | Reached skill level 6 in Earth Magic
  3677 | D:4      | Noticed Duvessa
  3800 | D:4      | Mangled by Duvessa

Illustrated notes

Levels and vault maps discovered:
D:1:      ncdulo_wetmaze, layout_basic, hellmonk_ecumenical_altar_prayer_group,
          minmay_pentomino_x2
D:2:      layout_basic
D:3:      kennysheep_the_goblin_king, layout_basic, xom_redecorated
D:4:      layout_rooms, uniq_sigmund, uniq_grinder, uniq_duvessa

Skill      XL: |  1  2  3  4  5  6 |
---------------+-------------------+-----
Fighting       | 1 2 3 4 |  4.3
Earth Magic    | 4 5 6 |  6.1
Armour         | 1 2 3 |  3.7
Dodging        | |  1.5
Stealth        | |  2.1
Spellcasting   | |  2.0
Transmutations | |  0.7

Action                   |  1- 3 |  4- 6 || total
-------------------------+-------+-------++-------
Melee: Spear             |    78 |    16 ||    94
       Unarmed           |     2 |       ||     2
       Dagger            |       |    37 ||    37
       Punch             |       |     1 ||     1
 Cast: Sandblast         |    21 |    48 ||    69
       Stone Arrow       |       |     2 ||     2
  Use: Scroll            |       |     1 ||     1
 Stab: Sleeping          |     4 |     1 ||     5
Armor: Robe              |    14 |       ||    14
       Ring mail         |    16 |    26 ||    42
Dodge: Dodged            |    43 |    31 ||    74

Table legend: (Time is in decaauts)
 A = Elapsed time spent in this place.
 B = Non-inter-level travel time spent in this place.
 C = Inter-level travel time spent in this place.
 D = Time resting spent in this place.
 E = Time spent auto-exploring this place.
 F = Levels seen in this place.
 G = Mean time per level.
                   A        B        C        D        E       F      G
               +--------+--------+--------+--------+--------+-----+--------+
         Total |   3821 |   3695 |    126 |    441 |   2628 |   4 |  955.2 |
       Dungeon |   3821 |   3695 |    126 |    441 |   2628 |   4 |  955.2 |
               +--------+--------+--------+--------+--------+-----+--------+

Top non-repeatable levels by time:
     D:1: 1428 daAuts
     D:3: 1388 daAuts
     D:2: 848 daAuts
     D:4: 155 daAuts
